 Dungeon Crawl Stone Soup version 0.19-a0-831-gce7da8b (webtiles) character file.

1978 AlphabetPasta the Sneak (level 9, -10/74 HPs)
             Began as a Hill Orc Assassin on June 30, 2016.
             Was a Believer of Ru.
             Mangled by a crocodile (12 damage)
             ... on level 8 of the Dungeon.
             The game lasted 00:41:09 (8689 turns).

AlphabetPasta the Sneak (Hill Orc Assassin)         Turns: 8689, Time: 00:41:10

Health: -10/74     AC:  5    Str: 14    XL:     9   Next: 20%
Magic:  9/9        EV:  8    Int: 11    God:    Ru [**....]
Gold:   443        SH:  0    Dex: 15    Spells: 0 memorised, 8 levels left

rFire  . . .     SeeInvis .     a - +2 dagger
rCold  . . .     Gourm    .     u - +0 robe
rNeg   . . .     Faith    .     (no shield)
rPois  .         Spirit   .     r - +0 helmet
rElec  .         Dismiss  .     d - +1 cloak
rCorr  .         Reflect  .     (no gloves)
SustAt +         Harm     .     (no boots)
MR     .....                    (no amulet)
Stlth  +++.......               o - ring of sustain attributes
                                (no ring)

@: no potions, not resistant to hostile enchantments, fairly stealthy
A: inability to drink while threatened, hated by all
a: Renounce Religion


You were on level 8 of the Dungeon.
You worshipped Ru.
Ru was pleased with you.
You were not hungry.

You visited 2 branches of the dungeon, and saw 9 of its levels.
You also visited: Ossuary.

You collected 443 gold pieces.

Inventory:

Hand Weapons
 a - a +2 dagger (weapon)
 b - a +0 blowgun
 c - a -1 long sword
Missiles
 e - 9 poisoned needles
 w - a curare-tipped needle
 B - 2 tomahawks (quivered)
Armour
 d - a +1 cloak (worn)
 r - a +0 helmet (worn)
 u - a +0 robe (worn)
Jewellery
 g - an uncursed ring of ice
 n - an uncursed ring of flight {unknown}
 o - a ring of sustain attributes (right hand)
Wands
 q - a wand of iceblast (8/15)
 t - a wand of iceblast (8/15)
 C - a wand of flame (15/48)
Scrolls
 j - 2 scrolls of teleportation
 k - 2 scrolls of remove curse
 v - a scroll of enchant armour
 y - a scroll of blinking
Potions
 i - a potion of haste
 m - 3 potions of cancellation
 p - 4 potions of curing
 s - 2 potions of flight
 x - 2 potions of invisibility
 z - a potion of lignification
 A - a potion of brilliance
Comestibles
 f - a bread ration
 l - 4 meat rations


   Skills:
 + Level 5.5 Fighting
 * Level 6.5(6.6) Short Blades
 + Level 1.4(4.7) Long Blades
 + Level 4.1 Throwing
 + Level 3.3 Dodging
 * Level 6.6 Stealth
 - Level 1.0 Unarmed Combat
 + Level 1.2 Evocations


You had 8 spell levels left.
You didn't know any spells.

Dungeon Overview and Level Annotations

Branches:
Dungeon (8/15)             Temple (1/1) D:6
   Lair: D:8-11

Altars:
Ashenzari
Cheibriados
Dithmenos
Elyvilon
Fedhas
Gozag
Hepliaklqana
Kikubaaqudgha
Nemelex Xobeh
Okawaru
Pakellas
Qazlal
Ru
Trog
Uskayaw
Vehumet
Yredelemnul
Zin
The Shining One

Shops:
D:4 }


Innate Abilities, Weirdness & Mutations

You cannot drink potions while threatened.
You are hated by all.


Message History

You hit the crocodile but do no damage.
The crocodile is heavily wounded.
The rat bites the plant but does no damage. x2
The shadow imp puffs mist at you. The crocodile bites you!
* * * LOW HITPOINT WARNING * * *
A rat comes into view.
Wield which item (- for none, * to show all)? (? for menu, Esc to quit)
a - a +2 dagger (weapon)
The rat bites the plant but does no damage. x2
You hit the crocodile but do no damage.
The crocodile is heavily wounded.
The crocodile bites you!
* * * LOW HITPOINT WARNING * * *
Unknown command.
The rat bites the plant but does no damage.
The crocodile is no longer blind.
There is a stone staircase leading up here.
The crocodile bites you!
You die...

#
....###########
....P.5rbbb.bb#
..P...$######b#
...Pr.Y #t#
P...P.. #@#
###r.rb #.#


+.rPP #.# #.... #.# #r.Y. #.# #.# #.# #.# You could see a crocodile and 3 bats.

Vanquished Creatures
  Grinder (D:5)
  A hippogriff (D:4)
  Edmund (D:4)
  A phantom (D:5)
  An ogre (D:3)
  2 centaurs
  A giant frog (D:6)
  A water moccasin zombie (D:7)
  A water moccasin skeleton (D:6)
  5 scorpions
  A crimson imp (D:7)
  3 quasits
  2 hounds
  3 orc priests
  A jelly (D:5)
  An orc wizard (D:3)
  Crazy Yiuf (D:4)
  3 iguanas
  5 worker ants
  A mummy (Ossuary)
  Robin (D:3)
  3 gnolls
  5 adders
  2 shadow imps (D:6)
  An ooze (D:2)
  An adder zombie (D:5)
  3 adder skeletons
  4 worms (D:2)
  A dart slug (D:1)
  4 giant geckos
  6 orcs
  A ball python (D:4)
  6 bats
  5 giant cockroaches
  12 goblins
  4 hobgoblins
  15 jackals
  7 kobolds
  3 giant gecko skeletons
  6 giant newts
  2 gnoll zombies (Ossuary)
  A jackal skeleton (D:4)
  A kobold zombie (Ossuary)
  An orc zombie (Ossuary)
  A quokka skeleton (D:5)
  8 rats
  A spectral orc (D:3)
141 creatures vanquished.

Vanquished Creatures (others)
  A fungus (D:8)
1 creature vanquished.

Grand Total: 142 creatures vanquished

Notes
Turn   | Place    | Note
--------------------------------------------------------------
     0 | D:1      | AlphabetPasta the Hill Orc Assassin began the quest for the Orb.
     0 | D:1      | Reached XP level 1. HP: 18/18 MP: 1/1
   155 | D:1      | Reached XP level 2. HP: 25/25 MP: 2/2
   205 | D:1      | Reached skill level 1 in Dodging
   441 | D:1      | You fall through a shaft!
   570 | D:2      | Reached XP level 3. HP: 30/30 MP: 3/3
   699 | D:2      | Found a bloodstained altar of Trog.
  1399 | D:2      | Reached skill level 1 in Unarmed Combat
  1685 | D:3      | Reached XP level 4. HP: 25/37 MP: 4/4
  1856 | D:2      | Reached XP level 5. HP: 20/44 MP: 5/5
  2295 | D:3      | Noticed an ogre
  2670 | D:3      | Found a sacrificial altar of Ru.
  2700 | D:3      | Became a worshipper of Ru the Awakened
  2780 | D:3      | Killed an ogre
  2780 | D:3      | Reached XP level 6. HP: 51/51 MP: 6/6
  2986 | D:3      | Noticed Robin
  3024 | D:3      | Killed Robin
  3276 | D:3      | Found a basalt altar of Yredelemnul.
  3481 | D:4      | Found a white marble altar of Elyvilon.
  3550 | D:4      | Found a sand-covered staircase.
  3608 | Ossuary  | Entered an ossuary
  3674 | Ossuary  | Noticed tijit's ghost (amateur DrIE)
  3945 | D:4      | Noticed a hippogriff
  3967 | D:4      | Killed a hippogriff
  3967 | D:4      | Reached XP level 7. HP: 18/58 MP: 7/7
  4206 | D:4      | Found Pogiv's Gadget Emporium.
  4671 | D:4      | Noticed Edmund
  4696 | D:4      | Killed Edmund
  4696 | D:4      | Reached skill level 5 in Stealth
  4812 | D:4      | Gained mutation: You are hated by all. [Ru sacrifice]
  4812 | D:4      | Reached * piety under Ru
  4843 | D:4      | Found a runed door.
  4847 | D:4      | Noticed Crazy Yiuf
  4851 | D:4      | Killed Crazy Yiuf
  4974 | D:5      | Entered Level 5 of the Dungeon
  5157 | D:5      | Reached skill level 5 in Short Blades
  5157 | D:5      | Reached XP level 8. HP: 34/67 MP: 8/8
  5785 | D:5      | Noticed Grinder
  5809 | D:5      | Killed Grinder
  5809 | D:5      | Reached skill level 5 in Fighting
  6282 | D:6      | Found a staircase to the Ecumenical Temple.
  6296 | Temple   | Entered the Ecumenical Temple
  7044 | D:6      | Found a hide-covered altar of Uskayaw.
  7044 | D:6      | Found a glowing silver altar of Zin.
  7480 | D:6      | Reached XP level 9. HP: 74/74 MP: 9/9
  7823 | D:7      | Reached skill level 1 in Evocations
  7863 | D:7      | Reached skill level 1 in Long Blades
  7948 | D:7      | Gained mutation: You cannot drink potions while threatened. [Ru sacrifice]
  7948 | D:7      | Reached ** piety under Ru
  8682 | D:8      | HP: 1/74 [crocodile (9)]
  8689 | D:8      | Mangled by a crocodile

Vault maps used:
D:1:      dpeg_arrival_arbitrary_c
D:2:      overflow_temple_1_default
D:3:      yredelemnul_forgotten_temple_becter,
          nicolae_ru_great_annihilating_truth, first_bread, uniq_robin
D:4:      kennysheep_mini, enter_ossuary_1, minmay_shop_grid_forest,
          uniq_crazy_yiuf_cottage, uniq_edmund
D:5:      uniq_grinder
D:6:      gammafunk_temple_overflow_elements
D:8:      lemuel_crystal_altar, makhleb_heckhound_becter,
          grunt_lair_entry_orc_guard_hut
Temple:   nicolae_temple_figure_eight
Ossuary:  ossuary_tomb_3

Skill      XL: |  1  2  3  4  5  6  7  8  9 |
---------------+----------------------------+-----
Dodging        | 1 2 3 |  3.3
Throwing       | 2 3 4 |  4.1
Unarmed Combat | 1 |  1.0
Short Blades   | 3 4 5 6 |  6.5
Fighting       | 3 4 5 |  5.5
Stealth        | 4 5 6 |  6.6
Evocations     | 1 |  1.2
Long Blades    | 1 |  1.4

Action                   |  1- 3 |  4- 6 |  7- 9 || total
-------------------------+-------+-------+-------++-------
Melee: Dagger            |   110 |   152 |   297 ||   559
       Punch             |     1 |       |     1 ||     2
       Long sword        |       |       |   160 ||   160
 Fire: Blowgun           |    18 |    36 |    35 ||    89
Invok: Sacrifice Love    |       |       |     1 ||     1
       Sacrifice Drink   |       |       |     1 ||     1
  Use: Potion            |       |     5 |     4 ||     9
       Scroll            |       |     9 |    10 ||    19
 Stab: Sleeping          |     6 |     2 |    13 ||    21
       Paralysed         |       |     1 |       ||     1
       Invisible         |       |       |     3 ||     3
  Eat: Chunk             |     1 |     2 |    11 ||    14
       Bread ration      |     1 |       |       ||     1
       Royal jelly       |       |     1 |       ||     1
       Pizza             |       |       |     2 ||     2
       Beef jerky        |       |       |     1 ||     1
Armor: Robe              |    31 |    31 |    98 ||   160
Dodge: Dodged            |    60 |    90 |   214 ||   364
